AoeStats
← Goku_San

Fortress

508674851Analyzed
4v4 RM · 9d ago on Sep 23, 2026· 41m 46s· 8 players
Game mode
Random Map
Map size
Huge
Population
200
Speed
Normal
Resources
Standard
Victory
Conquest
Starting age
Dark Age
Ending age
Imperial Age
RankedLock teamsTeams togetherTeam positionsShared explorationLock speedFull tech treeHidden civsTurbo modeCheats
Victory
Defeat
🇮🇱 Burgundians · Israel
1288
+13
🇬🇧 Varangians · United Kingdom
1271
+13
🇨🇳 Portuguese · China
1215
+16
🇺🇸 Persians · United States
1139
+19
🇪🇪 Danes · Estonia
1232
-16
🇪🇸 Romans · Spain
1226
-16
🇨🇳 Varangians · China
1198
-15
🇨🇳 Dravidians · China
1180
-14
DOM
7:42 Feudal Age
6:24 Loom
9:54 Double-Bit Axe
12:41 Castle Age
10:33 Horse Collar
12:09 Gold Mining
12:11 Stone Mining
12:14 Fletching
13:45 Bow Saw
16:18 Gold Shaft Mining
16:44 Bloodlines
17:50 Wheelbarrow
17:39 Heavy Plow
18:36 Town Watch
19:48 Forging
21:00 Scale Barding Armor
22:31 Ballistas
22:33 Scale Mail Armor
22:14 Pikeman
26:02 Squires
30:30 Imperial Age
28:44 Bodkin Arrow
28:55 Man-at-Arms
31:21 Hand Cart
30:51 Halberdier
33:00 Chemistry
33:53 Ballistics
32:58 Heavy Scorpion
33:52 Fortified Wall
34:55 Comitatenses
35:17 Crop Rotation
36:39 Conscription
36:50 Masonry
Persians
7:15 Feudal Age
11:34 Castle Age
9:24 Double-Bit Axe
9:23 Horse Collar
12:25 Heavy Plow
12:40 Bow Saw
12:35 Loom
14:39 Wheelbarrow
17:17 Hand Cart
18:21 Gold Mining
18:20 Town Watch
22:19 Imperial Age
20:42 Scale Mail Armor
20:52 Forging
21:11 Squires
20:57 Arson
22:10 Chain Mail Armor
21:49 Hamask
24:22 Iron Casting
24:02 Chain Mail Armor
24:29 Conscription
25:19 Ballistics
26:13 Chemistry
26:28 Blast Furnace
26:32 Plate Mail Armor
26:10 Fletching
27:19 Gold Shaft Mining
26:56 Bloodlines
26:47 Husbandry
26:09 Cranequins
27:15 Elite Jomsviking
28:25 Thumb Ring
29:32 Town Patrol
30:00 Bodkin Arrow
31:17 Bracer
32:37 Elite Skirmisher
32:42 Heavy Mounted Crossbowman
36:41 Padded Archer Armor
38:21 Leather Archer Armor
39:47 Ring Archer Armor
雪舞蝶梦
0:33 Loom
6:42 Feudal Age
7:21 Double-Bit Axe
7:56 Horse Collar
13:59 Castle Age
19:27 Wheelbarrow
20:07 Bow Saw
19:58 Heavy Plow
19:56 Stone Mining
19:56 Gold Mining
22:20 Hand Cart
24:38 Stone Shaft Mining
28:42 Imperial Age
26:27 Vendel Legacy
27:22 Forging
27:17 Scale Barding Armor
27:59 Bloodlines
27:50 Husbandry
27:21 Light Cavalry
28:40 Iron Casting
28:59 Cavalier
30:03 Chain Barding Armor
30:47 Chemistry
31:05 Blast Furnace
30:29 Conscription
31:18 Two-Man Saw
30:50 Crop Rotation
31:46 Plate Barding Armor
34:56 Caravan
35:42 Hussar
村口最强
8:25 Feudal Age
10:17 Loom
13:00 Castle Age
11:25 Double-Bit Axe
11:22 Horse Collar
12:34 Gold Mining
14:33 Fletching
16:33 Bow Saw
20:36 Heavy Plow
23:33 Wheelbarrow
23:06 Thumb Ring
23:09 Medical Corps
23:39 Ballistics
28:40 Imperial Age
26:56 Padded Archer Armor
26:51 Bodkin Arrow
27:45 Husbandry
28:56 Leather Archer Armor
30:13 Conscription
29:57 Bracer
29:42 Elite Elephant Archer
31:58 Ring Archer Armor
31:49 Stone Mining
33:51 Chemistry
32:47 Murder Holes
34:46 Town Watch
36:11 Pikeman
36:51 Squires
36:37 Gambesons
36:38 Arson
37:08 Forging
36:59 Scale Mail Armor
37:43 Fortified Wall
39:55 Iron Casting
39:35 Chain Mail Armor
39:14 Halberdier
41:27 Hand Cart
Goku_San
3:38 Double-Bit Axe
7:07 Feudal Age
5:58 Horse Collar
8:02 Bow Saw
9:15 Loom
12:29 Castle Age
12:42 Heavy Plow
18:54 Wheelbarrow
20:18 Scale Barding Armor
21:29 Forging
22:20 Chain Barding Armor
23:38 Hand Cart
24:39 Iron Casting
24:16 Gold Mining
24:18 Stone Mining
25:32 Two-Man Saw
24:32 Cavalier
25:12 Husbandry
28:38 Imperial Age
28:45 Gold Shaft Mining
29:26 Stone Shaft Mining
29:23 Crop Rotation
28:56 Paladin
30:15 Plate Barding Armor
30:41 Blast Furnace
30:39 Conscription
35:08 Chemistry
35:16 Padded Archer Armor
36:31 Leather Archer Armor
37:18 Light Cavalry
38:24 Hussar
ALAW
7:32 Feudal Age
11:35 Castle Age
10:18 Loom
12:34 Double-Bit Axe
15:17 Bow Saw
16:34 Wheelbarrow
19:56 Horse Collar
21:24 Heavy Plow
26:17 Imperial Age
23:47 Fletching
23:57 Padded Archer Armor
23:48 Elite Skirmisher
25:03 Hand Cart
25:10 Gold Mining
25:11 Stone Mining
25:58 Ballistics
25:18 Treadmill Crane
25:49 Bodkin Arrow
26:09 Leather Archer Armor
27:00 Masonry
27:05 Bracer
26:38 Cranequins
29:10 Two-Man Saw
28:41 Crop Rotation
28:17 Capped Ram
29:52 Heavy Mounted Crossbowman
31:44 Conscription
31:13 Town Watch
31:47 Siege Engineers
32:08 Siege Ram
35:22 Town Patrol
35:55 Ring Archer Armor
35:58 Architecture
38:20 Caravan
38:57 Elite Jarl
40:24 Stone Shaft Mining
40:20 Scale Barding Armor
40:26 Forging
Beller
8:12 Feudal Age
11:59 Castle Age
10:04 Double-Bit Axe
10:14 Horse Collar
12:59 Bow Saw
17:50 Wheelbarrow
19:51 Hand Cart
20:22 Loom
20:50 Gold Mining
25:12 Imperial Age
22:51 Scale Barding Armor
23:34 Bloodlines
23:25 Husbandry
24:07 Chain Barding Armor
23:58 Forging
24:59 Cavalier
26:16 Iron Casting
26:36 Plate Barding Armor
26:19 Savar
30:50 Blast Furnace
37:51 Town Watch
38:07 Light Cavalry
38:58 Hussar
rower56
12:24 Feudal Age
12:51 Double-Bit Axe
12:47 Horse Collar
16:35 Castle Age
16:38 Gold Mining
16:44 Stone Mining
19:23 Fervor
22:23 Imperial Age
20:16 Fortified Wall
20:28 Bow Saw
23:36 Conscription
23:18 Fletching
23:28 Padded Archer Armor
24:38 Chemistry
23:59 Ballistics
25:03 Wheelbarrow
24:27 Crossbowman
25:39 Thumb Ring
25:32 Arbalester
27:53 Bodkin Arrow
28:13 Leather Archer Armor
28:30 Hand Cart
28:30 Hand Cart
29:16 Heavy Plow
29:48 Bracer
30:03 Leather Archer Armor
31:05 Loom
31:44 Arquebus
34:04 Crop Rotation
34:25 Bombard Tower
34:10 Siege Engineers
34:16 Masonry
33:42 Pikeman
33:42 Man-at-Arms
34:08 Gambesons
34:11 Town Watch
34:38 Murder Holes
34:23 Treadmill Crane
38:17 Architecture
Connection lost

Rejoining the realm…

Still unreachable

The connection could not be restored.

Session expired

The server has moved on; the page needs a fresh start.